3AA
LONG ISLAND SEAWOLVES @ MYRTLE BEACH MERMEN
08/20/2027
 
TOP OF THE 1ST
Long Island Seawolves batting - Pitching for Myrtle Beach Mermen : RHP Jorge Vázquez
Pitching: RHP Jorge Vázquez
Batting: RHB José Orihvela 0-0: Ball
1-0: Ground out 4-3 (Groundball, 4)
Batting: LHB Pedro Colón 0-0: Ball
1-0: Ball
2-0: Ball
3-0: Called Strike
3-1: Called Strike
3-2: Fly out, F7 (Flyball, 78D)
Batting: RHB Max Berman 0-0: Called Strike
0-1: Ball
1-1: SINGLE (Groundball, 4D)
Batting: LHB Govaart Pleijt 0-0: Ball
1-0: Foul Ball, location: 2F
1-1: Ball
2-1: Foul Ball, location: 2F
2-2: Fly out, F8 (Flyball, 8LM)
Top of the 1st over - 0 run(s), 1 hit(s), 0 error(s), 1 left on base; Long Island 0 - Myrtle Beach 0
BOTTOM OF THE 1ST
Myrtle Beach Mermen batting - Pitching for Long Island Seawolves : RHP Miguel Ramírez
Pitching: RHP Miguel Ramírez
Batting: RHB Sergio Pérez 0-0: Ball
1-0: Ball
2-0: Ball
3-0: Base on Balls
Batting: RHB Jorge Reyes 0-0: 2-RUN HOME RUN (Flyball, 7D), Distance : 371 ft
Batting: RHB Maik Palen 0-0: Ball
1-0: Ball
2-0: Called Strike
2-1: Ball
3-1: Base on Balls
Batting: LHB Alexis Raimbault 0-0: Ball
1-0: SINGLE (Line Drive, 9S)
Maik Palen to second
Runner from 2nd tries for 3rd, SAFE, throw made to third
Batting: LHB Philip Strickland 0-0: Foul Ball, location: 2F
0-1: Called Strike
0-2: Ball
1-2: Ball
2-2: Ball
3-2: SINGLE (Flyball, 78S)
Maik Palen scores
Alexis Raimbault to second
Batting: RHB Fernando Martínez 0-0: Ball
1-0: Called Strike
1-1: Ball
2-1: Foul Ball, location: 2F
2-2: SINGLE (Line Drive, 8LS)
Alexis Raimbault to third
Philip Strickland to second
Runner from 3rd tries for Home, SAFE, no throw
Batting: RHB Theodore York 0-0: Called Strike
0-1: Ball
1-1: Ball
2-1: Ball
3-1: Base on Balls
Philip Strickland to third
Fernando Martínez to second
Batting: RHB Jimmy Dawson 0-0: Ball
1-0: Ball
2-0: Ball
3-0: Base on Balls
Philip Strickland scores
Fernando Martínez to third
Theodore York to second
Batting: SHB David Vázquez 0-0: Ball
1-0: Fly out, F8 (Flyball, 8LXD)
Runner from 3rd tags up, SCORES, no throw
Theodore York to third
Batting: RHB Sergio Pérez 0-0: Ball
1-0: Ball
2-0: Ground out 5-3 (Groundball, 5S)
Theodore York scores
Jimmy Dawson to second
Pitching: RHP Henri Paravicini
Batting: RHB Jorge Reyes 0-0: Called Strike
0-1: Fly out, F9 (Flyball, 9LSF)
Bottom of the 1st over - 7 run(s), 4 hit(s), 0 error(s), 1 left on base; Long Island 0 - Myrtle Beach 7
TOP OF THE 2ND
Long Island Seawolves batting - Pitching for Myrtle Beach Mermen : RHP Jorge Vázquez
Batting: LHB Michael van Berkel 0-0: Ball
1-0: Foul Ball, location: 2F
1-1: Ball
2-1: Called Strike
2-2: Foul Ball, location: 2F
2-2: Ground out 6-3 (Groundball, 6S)
Batting: RHB Abad Lugo 0-0: Foul Ball, location: 2F
0-1: Fly out, F6 (Popup, 4MD)
Batting: RHB Román Delgado 0-0: Ball
1-0: SINGLE (Groundball, 15) (infield hit)
Batting: RHB Alfredo Escalante 0-0: Ball
1-0: Ball
2-0: Ball
3-0: Base on Balls
Román Delgado to second
Batting: RHB Andrés Aguilar 0-0: Called Strike
0-1: Foul Ball, location: 2F
0-2: Ball
1-2: Foul Ball, location: 2F
1-2: Ball
2-2: Ball
3-2: Base on Balls
Román Delgado to third
Alfredo Escalante to second
Batting: RHB José Orihvela 0-0: Swinging Strike
0-1: Called Strike
0-2: Ball
1-2: Fly out, F8 (Flyball, 8LM)
Top of the 2nd over - 0 run(s), 1 hit(s), 0 error(s), 3 left on base; Long Island 0 - Myrtle Beach 7
BOTTOM OF THE 2ND
Myrtle Beach Mermen batting - Pitching for Long Island Seawolves : RHP Henri Paravicini
Batting: RHB Maik Palen 0-0: Fly out, F9 (Flyball, 89M)
Batting: LHB Alexis Raimbault 0-0: Swinging Strike
0-1: Foul Ball, location: 2F
0-2: Strikes out swinging
Batting: LHB Philip Strickland 0-0: Swinging Strike
0-1: SINGLE (Groundball, 4M) (infield hit)
Batting: RHB Fernando Martínez 0-0: Called Strike
0-1: Foul Ball, location: 2F
0-2: Ball
1-2: Fly out, F8 (Flyball, 8LS)
Bottom of the 2nd over - 0 run(s), 1 hit(s), 0 error(s), 1 left on base; Long Island 0 - Myrtle Beach 7
TOP OF THE 3RD
Long Island Seawolves batting - Pitching for Myrtle Beach Mermen : RHP Jorge Vázquez
Batting: LHB Pedro Colón 0-0: Called Strike
0-1: Swinging Strike
0-2: Ball
1-2: Ball
2-2: Foul Ball, location: 2F
2-2: Foul Ball, location: 2F
2-2: Ball
3-2: Fly out, F7 (Line Drive, 7S)
Batting: RHB Max Berman 0-0: Called Strike
0-1: Ball
1-1: Ball
2-1: Foul Ball, location: 2F
2-2: Foul Ball, location: 2F
2-2: Ball
3-2: Foul Ball, location: 2F
3-2: Ground out 4-3 (Groundball, 4M)
Batting: LHB Govaart Pleijt 0-0: Ball
1-0: Swinging Strike
1-1: Ball
2-1: Ball
3-1: Foul Ball, location: 2F
3-2: Strikes out swinging
Top of the 3rd over - 0 run(s), 0 hit(s), 0 error(s), 0 left on base; Long Island 0 - Myrtle Beach 7
BOTTOM OF THE 3RD
Myrtle Beach Mermen batting - Pitching for Long Island Seawolves : RHP Henri Paravicini
Batting: RHB Theodore York 0-0: Fly out, F9 (Line Drive, 89S)
Batting: RHB Jimmy Dawson 0-0: Called Strike
0-1: Fly out, F7 (Line Drive, 7)
Batting: SHB David Vázquez 0-0: Called Strike
0-1: Foul Ball, location: 2F
0-2: Ball
1-2: Strikes out swinging
Bottom of the 3rd over - 0 run(s), 0 hit(s), 0 error(s), 0 left on base; Long Island 0 - Myrtle Beach 7
TOP OF THE 4TH
Long Island Seawolves batting - Pitching for Myrtle Beach Mermen : RHP Jorge Vázquez
Batting: LHB Michael van Berkel 0-0: Foul Ball, location: 2F
0-1: Foul Ball, location: 2F
0-2: Ball
1-2: Ball
2-2: Fly out, F8 (Flyball, 89D)
Batting: RHB Abad Lugo 0-0: SINGLE (Groundball, 56D)
Batting: RHB Román Delgado 0-0: Ball
1-0: Ground out 5-3 (Groundball, 5S)
Abad Lugo to second
Batting: RHB Alfredo Escalante 0-0: Foul Ball, location: 2F
0-1: Ball
1-1: SINGLE (Line Drive, 6MD)
Abad Lugo to third
Runner from 3rd tries for Home, SAFE, no throw
Batting: RHB Andrés Aguilar 0-0: Swinging Strike
0-1: Foul Ball, location: 2F
0-2: Strikes out swinging
Top of the 4th over - 1 run(s), 2 hit(s), 0 error(s), 1 left on base; Long Island 1 - Myrtle Beach 7
BOTTOM OF THE 4TH
Myrtle Beach Mermen batting - Pitching for Long Island Seawolves : RHP Henri Paravicini
Batting: RHB Sergio Pérez 0-0: Ball
1-0: Ball
2-0: Ball
3-0: Base on Balls
Batting: RHB Jorge Reyes 0-0: Called Strike
0-1: Ball
1-1: Fly out, F6 (Line Drive, 6)
Batting: RHB Maik Palen 0-0: Swinging Strike
0-1: Ball
1-1: Ball
2-1: Called Strike
2-2: Foul Ball, location: 2F
2-2: Foul Ball, location: 2F
2-2: SINGLE (Line Drive, 8RS)
Sergio Pérez to second
Batting: LHB Alexis Raimbault 0-0: SINGLE (Flyball, 78S)
Sergio Pérez to third
Maik Palen to second
Runner from 3rd tries for Home, SAFE, throw made at trailing runner, OUT at third!
Batting: LHB Philip Strickland 0-0: Ball
1-0: Foul Ball, location: 2F
1-1: Foul Ball, location: 2F
1-2: Ball
2-2: SINGLE (Flyball, 8LS)
Alexis Raimbault to second
Batting: RHB Fernando Martínez 0-0: Foul Ball, location: 2F
0-1: Ball
1-1: Swinging Strike
1-2: Ball
2-2: SINGLE (Groundball, 6D)
Alexis Raimbault to third
Philip Strickland to second
Runner from 3rd tries for Home, SAFE, no throw
Batting: RHB Theodore York 0-0: SINGLE (Flyball, 8RM)
Philip Strickland to third
Fernando Martínez to second
Runner from 3rd tries for Home, SAFE, throw made at trailing runner, OUT at third!
Bottom of the 4th over - 3 run(s), 5 hit(s), 0 error(s), 1 left on base; Long Island 1 - Myrtle Beach 10
TOP OF THE 5TH
Long Island Seawolves batting - Pitching for Myrtle Beach Mermen : RHP Jorge Vázquez
Batting: RHB José Orihvela 0-0: Swinging Strike
0-1: Foul Ball, location: 2F
0-2: Ball
1-2: Ball
2-2: Foul Ball, location: 2F
2-2: Ball
3-2: Foul Ball, location: 2F
3-2: Strikes out swinging
Batting: LHB Pedro Colón 0-0: Ball
1-0: Foul Ball, location: 2F
1-1: Ground out 4-3 (Groundball, 4)
Batting: RHB Max Berman 0-0: Called Strike
0-1: SINGLE (Groundball, 6MD)
Batting: LHB Govaart Pleijt 0-0: Called Strike
0-1: Fly out, F9 (Flyball, 9)
Top of the 5th over - 0 run(s), 1 hit(s), 0 error(s), 1 left on base; Long Island 1 - Myrtle Beach 10
BOTTOM OF THE 5TH
Myrtle Beach Mermen batting - Pitching for Long Island Seawolves : RHP Henri Paravicini
Batting: RHB Jimmy Dawson 0-0: Ground out 4-3 (Groundball, 4)
Batting: SHB David Vázquez 0-0: Ball
1-0: Ball
2-0: Called Strike
2-1: Ball
3-1: Foul Ball, location: 2F
3-2: DOUBLE (Line Drive, 9LM)
Batting: RHB Sergio Pérez 0-0: Ground out 5-3 (Groundball, 56)
Batting: RHB Jorge Reyes 0-0: Called Strike
0-1: Ball
1-1: Ball
2-1: Foul Ball, location: 2F
2-2: Strikes out swinging
Bottom of the 5th over - 0 run(s), 1 hit(s), 0 error(s), 1 left on base; Long Island 1 - Myrtle Beach 10
TOP OF THE 6TH
Long Island Seawolves batting - Pitching for Myrtle Beach Mermen : RHP Jorge Vázquez
Batting: LHB Michael van Berkel 0-0: Swinging Strike
0-1: Ball
1-1: Foul Ball, location: 2F
1-2: Ground out U3 (Groundball, 34)
Batting: RHB Abad Lugo 0-0: Ball
1-0: Called Strike
1-1: Swinging Strike
1-2: Foul Ball, location: 2F
1-2: Ball
2-2: Strikes out swinging
Batting: RHB Román Delgado 0-0: Called Strike
0-1: Swinging Strike
0-2: Ball
1-2: Strikes out swinging
Top of the 6th over - 0 run(s), 0 hit(s), 0 error(s), 0 left on base; Long Island 1 - Myrtle Beach 10
BOTTOM OF THE 6TH
Myrtle Beach Mermen batting - Pitching for Long Island Seawolves : RHP Henri Paravicini
Batting: RHB Maik Palen 0-0: Ball
1-0: Ball
2-0: Fly out, F7 (Flyball, 7)
Batting: LHB Alexis Raimbault 0-0: Swinging Strike
0-1: Ball
1-1: Fly out, F2 (Popup, 5S)
Batting: LHB Philip Strickland 0-0: Ball
1-0: Foul Ball, location: 2F
1-1: Ball
2-1: Fly out, F5 (Popup, 5D)
Bottom of the 6th over - 0 run(s), 0 hit(s), 0 error(s), 0 left on base; Long Island 1 - Myrtle Beach 10
TOP OF THE 7TH
Long Island Seawolves batting - Pitching for Myrtle Beach Mermen : RHP Jorge Vázquez
Batting: RHB Alfredo Escalante 0-0: Ball
1-0: Ball
2-0: Ball
3-0: Called Strike
3-1: SINGLE (Line Drive, 6M)
Batting: RHB Andrés Aguilar 0-0: Ball
1-0: Foul Ball, location: 2F
1-1: Fly out, F9 (Flyball, 9S)
Batting: RHB José Orihvela 0-0: Called Strike
0-1: Fly out, F9 (Flyball, 9)
Pitching: LHP Héctor Ocampo
Batting: LHB Pedro Colón 0-0: Ball
Alfredo Escalante steals 2nd base
1-0: Foul Ball, location: 2F
1-1: Ball
2-1: SINGLE (Line Drive, 8RS)
Alfredo Escalante to third
Runner from 3rd tries for Home, SAFE, no throw
Batting: RHB Max Berman 0-0: SINGLE (Groundball, 34D)
Pedro Colón to second
Runner from 2nd tries for 3rd, SAFE, throw made to third
Batting: LHB Govaart Pleijt 0-0: Ball
1-0: Ball
2-0: Ball
3-0: Called Strike
3-1: Fielders Choice at 2nd, 6-4 (Groundball, 6)
Top of the 7th over - 1 run(s), 3 hit(s), 0 error(s), 1 left on base; Long Island 2 - Myrtle Beach 10
BOTTOM OF THE 7TH
Myrtle Beach Mermen batting - Pitching for Long Island Seawolves : RHP Henri Paravicini
Batting: RHB Fernando Martínez 0-0: Called Strike
0-1: Foul Ball, location: 2F
0-2: Ball
1-2: Foul Ball, location: 2F
1-2: Ball
2-2: Foul Ball, location: 2F
2-2: Ground out 5-3 (Groundball, 5)
Batting: RHB Theodore York 0-0: Ball
1-0: Foul Ball, location: 2F
1-1: Ball
2-1: Swinging Strike
2-2: Ball
3-2: Foul Ball, location: 2F
3-2: SINGLE (Line Drive, 3)
Batting: RHB Jimmy Dawson 0-0: Called Strike
0-1: Fly out, F8 (Flyball, 8RM)
Batting: SHB David Vázquez 0-0: Ball
1-0: Fly out, F6 (Popup, 6D)
Bottom of the 7th over - 0 run(s), 1 hit(s), 0 error(s), 1 left on base; Long Island 2 - Myrtle Beach 10
TOP OF THE 8TH
Long Island Seawolves batting - Pitching for Myrtle Beach Mermen : LHP Héctor Ocampo
Now at 2B: Sal Haynes
Batting: LHB Michael van Berkel 0-0: Ball
1-0: Ground out 4-3 (Groundball, 4)
Batting: RHB Abad Lugo 0-0: Ground out 6-3 (Groundball, 6)
Batting: RHB Román Delgado 0-0: Ball
1-0: Called Strike
1-1: SINGLE (Groundball, 4MD)
Batting: RHB Alfredo Escalante 0-0: Fly out, F8 (Flyball, 89M)
Top of the 8th over - 0 run(s), 1 hit(s), 0 error(s), 1 left on base; Long Island 2 - Myrtle Beach 10
BOTTOM OF THE 8TH
Myrtle Beach Mermen batting - Pitching for Long Island Seawolves : RHP Henri Paravicini
Batting: RHB Sergio Pérez 0-0: Ball
1-0: Swinging Strike
1-1: Foul Ball, location: 2F
1-2: Ball
2-2: Foul Ball, location: 2F
2-2: Ball
3-2: SINGLE (Groundball, 56D)
Batting: RHB Jorge Reyes 0-0: Ball
1-0: Swinging Strike
1-1: Ball
2-1: Ball
3-1: Foul Ball, location: 2F
3-2: Fly out, F7 (Line Drive, 7)
Pitching: LHP José Velasco
Batting: RHB Maik Palen 0-0: Ball
1-0: Foul Ball, location: 2F
1-1: Grounds into double play, 6-4-3 (Groundball, 6)
Bottom of the 8th over - 0 run(s), 1 hit(s), 0 error(s), 0 left on base; Long Island 2 - Myrtle Beach 10
TOP OF THE 9TH
Long Island Seawolves batting - Pitching for Myrtle Beach Mermen : LHP Héctor Ocampo
Now in LF: Maikel Cobblepot
Batting: RHB Andrés Aguilar 0-0: Ball
1-0: Ball
2-0: SOLO HOME RUN (Flyball, 7D), Distance : 377 ft
Pinch Hitting: RHB Sheldon Deshotels 0-0: Called Strike
0-1: Ball
1-1: Ball
2-1: Foul Ball, location: 2F
2-2: Strikes out swinging
Batting: LHB Pedro Colón 0-0: Foul Ball, location: 2F
0-1: Fly out, F7 (Flyball, 7S)
Batting: RHB Max Berman 0-0: Called Strike
0-1: Swinging Strike
0-2: Foul Ball, location: 2F
0-2: Ball
1-2: Strikes out swinging
Top of the 9th over - 1 run(s), 1 hit(s), 0 error(s), 0 left on base; Long Island 3 - Myrtle Beach 10
Saturday, May 26th, 2018 - OOTP Baseball 17.12 Build 75